 Dungeon Crawl Stone Soup version 0.20.1-1-g8b1a95d (webtiles) character file.

121 dohliylev the Covert (level 4, -1/33 HPs)
             Began as a Vampire Assassin on Dec 3, 2017.
             Slain by a gnoll (4 damage)
             ... on level 3 of the Dungeon.
             The game lasted 00:07:05 (1700 turns).

dohliylev the Covert (Vampire Assassin)             Turns: 1700, Time: 00:07:06

Health: -1/33      AC:  4    Str: 10    XL:     4   Next: 76%
Magic:  4/4        EV: 11    Int: 13    God:
Gold:   156        SH:  0    Dex: 16    Spells: 3/3 levels left

rFire    . . .     SeeInvis +   a - +2 dagger
rCold    . . .     Gourm    .   (no shield)
rNeg     . . .     Faith    .   j - +0 leather armour (curse)
rPois    .         Spirit   .   (no helmet)
rElec    .         Reflect  .   d - +0 cloak
rCorr    .         Harm     .   (no gloves)
MR       .....                  (no boots)
Stlth    ++++......             (no amulet)
Regen    0.4/turn               (no ring)
MPRegen  0.1/turn               (no ring)

@: regenerating quickly
A: fangs 3, see invisible, unbreathing
a: no special abilities


You were on level 3 of the Dungeon.
You were almost alive.

You visited 1 branch of the dungeon, and saw 3 of its levels.

You collected 156 gold pieces.

Inventory:

Hand Weapons
 a - a +2 dagger (weapon)
 b - a +0 blowgun
Missiles
 e - 6 poisoned needles
 f - 2 curare-tipped needles
Armour
 d - a +0 cloak (worn)
 j - a cursed +0 leather armour (worn)
Scrolls
 k - a scroll of teleportation {unknown}
 m - 2 scrolls of identify {unknown}
 n - 2 scrolls of remove curse {unknown}
Potions
 c - a potion of lignification {unknown}
 g - 3 potions of brilliance {unknown}
 h - 2 potions of mutation {unknown}
 i - a potion of might {unknown}
 l - a potion of degeneration {unknown}
 o - a potion of invisibility {unknown}
 p - 2 potions of blood
 q - 2 potions of curing {unknown}


   Skills:
 - Level 1.7 Fighting
 - Level 2.1 Short Blades
 - Level 1.5 Throwing
 - Level 1.1 Dodging
 + Level 9.4 Stealth


You had 3 spell levels left.
You didn't know any spells.

Dungeon Overview and Level Annotations

Branches:
Dungeon (3/15)

Altars:


Innate Abilities, Weirdness & Mutations

Your natural rate of healing is unusually fast.
You have razor-sharp teeth.
You have supernaturally acute eyesight. (SInv)
You can survive without breathing.


Message History

* * * LOW HITPOINT WARNING * * *
Found 11 gold pieces.
A rat comes into view.
Found a hand axe.
The helpless rat fails to defend itself.
You stick the rat like a pincushion!!!
You kill the rat!
The gnoll closely misses you.
You see here a rat corpse.
You see here a bread ration.
Items here: [ ††† a ring mail; a gnoll corpse; an orc corpse; a gnoll corpse You barely miss the gnoll.
The gnoll is severely wounded.
The gnoll hits you!
* * * LOW HITPOINT WARNING * * *
You hit the gnoll but do no damage.
The gnoll is severely wounded.
The gnoll hits you.
You die...

..# ..# ####.####
#.......# # #.##.##.#
.#. #%##.##.#...) #
#.##†.....$#
#...######.###.....##
....(..@g......#..##
#...######.<.....## #
########.# .# ..


You could see a gnoll.

Vanquished Creatures
  Terence (D:1)
  2 gnolls (D:3)
  5 adders (D:2)
  An orc (D:3)
  A giant cockroach (D:2)
  5 goblins
  3 hobgoblins
  5 bats (D:1)
  7 kobolds
  5 rats
35 creatures vanquished.

Notes
Turn   | Place    | Note
-------+----------+-------------------------------------------
     0 | D:1      | dohliylev the Vampire Assassin began the quest for the Orb.
     0 | D:1      | Reached XP level 1. HP: 16/16 MP: 1/1
    57 | D:1      | Reached skill level 6 in Stealth
   218 | D:1      | Reached XP level 2. HP: 22/22 MP: 2/2
   659 | D:2      | Reached skill level 7 in Stealth
   663 | D:2      | Noticed Terence
   684 | D:2      | Reached XP level 3. HP: 11/27 MP: 3/3
   945 | D:1      | Killed Terence
   945 | D:1      | Reached skill level 8 in Stealth
  1111 | D:2      | Reached XP level 4. HP: 32/33 MP: 4/4
  1596 | D:2      | Reached skill level 9 in Stealth
  1700 | D:3      | Slain by a gnoll

Skill      XL: |  1  2  3  4 |
---------------+-------------+-----
Stealth        | 6 7 8 9 |  9.4
Fighting       | |  1.7
Short Blades   | |  2.1
Throwing       | |  1.5
Dodging        | |  1.1

Action                   |  1- 3 |  4- 6 || total
-------------------------+-------+-------++-------
Melee: Dagger            |    75 |    59 ||   134
       Bite              |     6 |     6 ||    12
 Fire: Blowgun           |    10 |     3 ||    13
  Use: Potion            |     1 |       ||     1
 Stab: Sleeping          |     3 |     6 ||     9
  Eat: Corpse            |     8 |     5 ||    13
Armor: Leather armour    |    25 |    12 ||    37
       Robe              |     1 |       ||     1
Dodge: Dodged            |    56 |    19 ||    75
